 Dungeon Crawl Stone Soup version 0.22-a0-110-g5b255cf (webtiles) character file.

9942 tilp the Frost Mage (level 11, -2/89 HPs)
             Began as a Merfolk Ice Elementalist on Jan 27, 2018.
             Was a Priest of Dithmenos.
             Slain by a wolf (4 damage)
             ... on level 1 of the Lair of Beasts.
             The game lasted 00:46:34 (13251 turns).

tilp the Frost Mage (Merfolk Ice Elementalist)     Turns: 13251, Time: 00:46:35

Health: -2/89      AC:  7    Str: 11    XL:     11   Next: 54%
Magic:  4/17       EV: 18    Int: 20    God:    Dithmenos [***...]
Gold:   514        SH:  0    Dex: 16    Spells: 2/18 levels left

rFire    + . .     SeeInvis .   o - +4 scimitar of Joyful Slaughter {venom, rN+ Str+3 Int+3}
rCold    + . .     Gourm    .   (no shield)
rNeg     + . .     Faith    .   a - +0 robe
rPois    .         Spirit   .   (no helmet)
rElec    .         Reflect  .   (no cloak)
rCorr    .         Harm     .   y - +1 pair of gloves
MR       .....                  G - +2 pair of boots
Stlth    +++.......             (no amulet)
HPRegen  0.24/turn              v - ring of protection from fire
MPRegen  0.15/turn              A - ring of protection from cold

@: flying, wreathed by umbra
A: change form in water, swift swim, stealthy swim
a: Shadow Step, Renounce Religion


You were on level 1 of the Lair of Beasts.
You worshipped Dithmenos.
Dithmenos was most pleased with you.
You were not hungry.

You visited 2 branches of the dungeon, and saw 12 of its levels.

You collected 514 gold pieces.

Inventory:

Hand Weapons
 o - the +4 scimitar of Joyful Slaughter (weapon) {venom, rN+ Str+3 Int+3}
   (You found it on level 6 of the Dungeon)

   It poisons the flesh of those it strikes.
   It affects your strength (+3).
   It affects your intelligence (+3).
   It protects you from negative energy.
 t - a +0 trident
Missiles
 e - 84 sling bullets
 k - 284 stones
 w - 7 tomahawks (quivered)
Armour
 a - a +0 robe (worn)
 l - a cursed +0 scale mail
 n - a +0 leather armour
 y - a +1 pair of gloves (worn)
 G - a +2 pair of boots (worn)
 K - a +0 pair of boots of running
Jewellery
 s - an uncursed ring of wizardry
 v - a ring of protection from fire (left hand)
 x - an uncursed ring of see invisible
 A - a ring of protection from cold (right hand)
 E - an uncursed amulet of rage
 I - an uncursed ring of fire {unknown}
Wands
 f - a wand of acid (10)
Scrolls
 g - 4 scrolls of fog
 h - 5 scrolls of enchant weapon
 q - 4 scrolls of teleportation
 r - a scroll of blinking
 C - a scroll of remove curse
 D - a scroll of holy word {unknown}
Potions
 d - a potion of curing
 i - a potion of magic {unknown}
 j - a potion of flight
 m - a potion of mutation {unknown}
 u - a potion of degeneration {unknown}
 z - 2 potions of brilliance
 L - 2 potions of haste {unknown}
 N - a potion of heal wounds
Books
 b - a book of Frost

   Spells                             Type                      Level
   a - Freeze                         Ice                          1
   b - Throw Frost                    Conjuration/Ice              2
   c - Ozocubu's Armour               Charms/Ice                   3
   d - Throw Icicle                   Conjuration/Ice              4
   e - Summon Ice Beast               Ice/Summoning                4
 F - a book of Cantrips

   Spells                             Type                      Level
   a - Confusing Touch                Hexes                        1
   b - Animate Skeleton               Necromancy                   1
   c - Summon Small Mammal            Summoning                    1
   d - Apportation                    Translocation                1
 H - a book of Battle

   Spells                             Type                      Level
   a - Infusion                       Charms                       1
   b - Shroud of Golubria             Charms/Translocation         2
   c - Song of Slaying                Charms                       2
   d - Spectral Weapon                Hexes/Charms                 3
   e - Regeneration                   Charms/Necromancy            3
 J - a book of Party Tricks

   Spells                             Type                      Level
   a - Summon Butterflies             Summoning                    1
   b - Apportation                    Translocation                1
   c - Lesser Beckoning               Translocation                3
   d - Tukima's Dance                 Hexes                        3
   e - Alistair's Intoxication        Transmutation/Poison         5
   f - Invisibility                   Hexes                        6
Comestibles
 c - 22 rations


   Skills:
 + Level 9.5 Fighting
 - Level 4.3 Long Blades
 - Level 6.6 Polearms
 - Level 8.0 Dodging
 - Level 2.1 Stealth
 - Level 4.3 Spellcasting
 - Level 4.0 Conjurations
 - Level 8.0 Charms
 - Level 10.0 Ice Magic


You had 2 spell levels left.
You knew the following spells:

 Your Spells              Type           Power        Failure   Level  Hunger
a - Freeze                Ice            ####         1%          1    None
b - Throw Frost           Conj/Ice       ####..       1%          2    #......
c - Ozocubu's Armour      Chrm/Ice       #####...     1%          3    ###....
d - Regeneration          Chrm/Necr      ###.......   7%          3    ###....
e - Spectral Weapon       Hex/Chrm       ###.....     7%          3    ###....
f - Throw Icicle          Conj/Ice       ####....     7%          4    ####...


Dungeon Overview and Level Annotations

Branches:
Dungeon (10/15)            Temple (0/1) D:6            Lair (2/6) D:9
 Shoals (0/4) Lair:2          Orc (0/2) D:10
  Snake: Lair:2-4    Spider: Lair:2-4

Altars:
Ashenzari
Cheibriados
Dithmenos
Gozag
Nemelex Xobeh
Qazlal
Wu Jian
Xom
Zin

Shops:
D:7 =

Annotations:
D:2 1 runed door
D:3 Grinder
D:5 exclusion: sky beast
D:6 exclusion: slave
D:10 anet's ghost, journeyman DEWz


Message History

There is a stone staircase leading up here.
You feel sick. The wolf closely misses you.
The wolf splashes around in the water.
The wolf misses you.
You riposte.
You closely miss the wolf.
You fly upwards.
There is a stone staircase leading down here.
You feel better. The wolf barely misses you.
You riposte.
You hit the wolf.
The wolf looks as sick as possible!
The wolf is severely wounded.
The wolf barely misses you. The wolf completely misses you.
You closely miss the wolf.
The wolf is severely wounded.
The wolf bites you.
* * * LOW HITPOINT WARNING * * *
The wolf bites you!
* * * LOW HITPOINT WARNING * * *
The wolf bites you.
* * * LOW HITPOINT WARNING * * *
The wolf bites you.
You die...

##.###..........# ##.###.#
#...########..### ##..#..## ##.##
##..# #..#....# #..#
###.#######.#.#### ##.#
##.#.#.#.#.#.#.## #..#
##.........##....###### ###.#
#.#.......#...........# ....#
##....hh........#.#P..# #P###
#.#.)..@..#.#.........# ###
##.........#..........#
###.......##....P..#..#
#.....................##
#.#.#.#.#.#.....###....#
####.##.####.##.#..P##...##
#######.##....###...#.#.........#
..(†....#####.......#.#.........#
#######.# #..#.................#


You could see 2 wolves.

Vanquished Creatures
  An elephant (Lair:2)
  A black mamba (Lair:1)
  A spiny frog (Lair:1)
  5 blink frogs (Lair:1)
  3 hippogriffs
  2 wyverns
  15 yaks
  A human (D:7)
  4 hogs
  A steam dragon (D:8)
  3 wargs (D:9)
  2 water moccasins (Lair:1)
  2 porcupines
  An orc warrior (D:9)
  A sky beast (D:8)
  3 ogres
  A black bear (D:9)
  An eye of draining (D:7)
  A necrophage (D:8)
  3 centaurs
  A wolf (Lair:2)
  3 crocodiles
  5 bullfrogs
  2 water moccasin skeletons
  3 scorpions
  5 killer bees (D:9)
  4 wights (D:10)
  A howler monkey (D:5)
  2 centaur zombies
  4 crimson imps
  A quasit (D:9)
  2 hounds
  A jelly (D:10)
  7 orc priests
  A bullfrog skeleton (D:5)
  4 iguanas
  7 orc wizards
  7 worker ants
  A killer bee zombie (D:10)
  A howler monkey skeleton (D:9)
  A howler monkey zombie (D:5)
  A worker ant zombie (D:10)
  11 adders
  3 gnolls (D:3)
  A shadow imp (D:7)
  An ooze (D:1)
  3 adder skeletons
  A worm (D:3)
  5 dart slugs
  5 leopard geckos
  23 orcs
  2 ball pythons
  3 bats
  6 giant cockroaches
  6 goblins
  7 hobgoblins
  10 jackals
  4 quokkas
  A frilled lizard (D:1)
  A jackal skeleton (D:5)
  A jackal zombie (D:5)
  3 kobolds
  2 quokka skeletons
  8 rats
223 creatures vanquished.

Vanquished Creatures (others)
  2 fungi (Lair:1)
  4 spectral weapons
6 creatures vanquished.

Grand Total: 229 creatures vanquished

Notes
Turn   | Place    | Note
-------+----------+-------------------------------------------
     0 | D:1      | tilp the Merfolk Ice Elementalist began the quest for the Orb.
     0 | D:1      | Reached XP level 1. HP: 13/13 MP: 3/3
   341 | D:1      | Reached skill level 4 in Ice Magic
   341 | D:1      | Reached XP level 2. HP: 16/19 MP: 0/5
   748 | D:1      | Reached XP level 3. HP: 18/24 MP: 4/6
   755 | D:1      | Learned a level 2 spell: Throw Frost
   759 | D:1      | Learned a level 3 spell: Ozocubu's Armour
  1414 | D:2      | Reached skill level 5 in Ice Magic
  1634 | D:2      | Reached XP level 4. HP: 30/30 MP: 5/7
  1966 | D:2      | Found a runed door.
  2273 | D:3      | Found a snail-covered altar of Cheibriados.
  2495 | D:3      | Found a shadowy altar of Dithmenos.
  2509 | D:3      | Reached skill level 6 in Ice Magic
  2541 | D:3      | Reached XP level 5. HP: 18/35 MP: 0/8
  2698 | D:3      | Reached skill level 1 in Charms
  2734 | D:3      | Noticed Grinder
  3094 | D:3      | Became a worshipper of Dithmenos the Shadowed
  3129 | D:3      | Reached XP level 6. HP: 17/41 MP: 0/9
  3560 | D:4      | Found a stormy altar of Qazlal.
  3721 | D:4      | Reached skill level 1 in Fighting
  4166 | D:5      | Entered Level 5 of the Dungeon
  4215 | D:5      | Reached skill level 1 in Polearms
  4400 | D:5      | Noticed an angel
  4401 | D:5      | Found a glowing silver altar of Zin.
  4401 | D:5      | Found a shimmering altar of Xom.
  4475 | D:5      | Found an ornate altar of the Wu Jian Council.
  4484 | D:5      | Found an opulent altar of Gozag.
  4612 | D:5      | Noticed a sky beast
  5076 | D:5      | Reached XP level 7. HP: 50/50 MP: 1/10
  5530 | D:5      | Reached skill level 5 in Polearms
  5773 | D:6      | Reached * piety under Dithmenos
  5801 | D:6      | Got a brightly glowing scimitar
  5802 | D:6      | Identified the +4 scimitar of Joyful Slaughter {venom, rN+ Str+3 Int+3} (You found it on level 6 of the Dungeon)
  5926 | D:6      | Found a sparkling altar of Nemelex Xobeh.
  5926 | D:6      | Found a shattered altar of Ashenzari.
  7074 | D:6      | Reached skill level 1 in Long Blades
  7177 | D:6      | Found a staircase to the Ecumenical Temple.
  7433 | D:7      | Reached XP level 8. HP: 40/56 MP: 1/11
  7787 | D:7      | Reached skill level 7 in Ice Magic
  8208 | D:7      | Reached skill level 8 in Ice Magic
  8410 | D:7      | Found Onnaj's Jewellery Boutique.
  8703 | D:7      | Reached skill level 5 in Fighting
  8703 | D:7      | Reached XP level 9. HP: 48/68 MP: 1/12
  9069 | D:8      | Reached skill level 5 in Dodging
  9409 | D:8      | Learned a level 3 spell: Regeneration
  9413 | D:8      | Learned a level 3 spell: Spectral Weapon
  9462 | D:8      | Reached ** piety under Dithmenos
  9817 | D:9      | Reached skill level 5 in Charms
  9963 | D:9      | Found a staircase to the Lair.
  9978 | D:9      | HP: 1/68 [orc priest/divine providence (13)]
 10340 | D:9      | Reached XP level 10. HP: 48/74 MP: 3/13
 10803 | D:10     | Entered Level 10 of the Dungeon
 11402 | D:10     | Noticed anet's ghost (journeyman DEWz)
 11583 | D:10     | Found a staircase to the Orcish Mines.
 11651 | D:10     | Reached *** piety under Dithmenos
 12001 | Lair:1   | Entered Level 1 of the Lair of Beasts
 12089 | Lair:1   | Noticed a black mamba
 12095 | Lair:1   | Killed a black mamba
 12149 | Lair:1   | Reached skill level 1 in Conjurations
 12269 | Lair:1   | Reached XP level 11. HP: 84/84 MP: 8/17
 12282 | Lair:1   | Learned a level 4 spell: Throw Icicle
 12391 | Lair:1   | Reached skill level 9 in Ice Magic
 12805 | Lair:1   | Reached skill level 10 in Ice Magic
 13228 | Lair:2   | Found a staircase to the Shoals.
 13251 | Lair:1   | HP: 2/89 [wolf (3)]
 13251 | Lair:1   | Slain by a wolf

Vault maps used:
D:1:      tarquinn_simple_flora_water_d
D:2:      first_ration, uniq_crazy_yiuf_cottage
D:3:      lemuel_doored_altar, nicolae_dithmenos_shadow_blocks, st_stairs_14,
          uniq_grinder
D:4:      grunt_qazlal_clouds
D:5:      grunt_temple_overflow_order_and_chaos_1, grunt_temple_overflow_open,
          kennysheep_decorative_pillar
D:6:      gammafunk_temple_overflow_wave, minmay_temple_entry_nine_rooms,
          uniq_pikel
D:7:      serial_shops, kennysheep_little_box, grunt_livestock,
          nicolae_zen_rock_garden
D:9:      erik_lair_orcish_takeover
D:10:     orc_0_dummy, kennysheep_pointless_box, minmay_misc_feat_plants
Lair:1:   st_stairs_4
Lair:2:   minmay_shoals_entry_centaurs, serial_bayou_shore_b,
          infiniplex_staircase_pool_2, serial_bayou_shore_a, lemuel_fruit_tree

Skill      XL: |  1  2  3  4  5  6  7  8  9 10 11 |
---------------+----------------------------------+-----
Ice Magic      | 4 5 6 8 10 | 10.0
Charms         | 3 4 7 8 |  8.0
Fighting       | 2 5 6 8 9 |  9.5
Polearms       | 3 6 |  6.6
Long Blades    | 3 4 |  4.3
Dodging        | 8 |  8.0
Spellcasting   | 4 |  4.3
Conjurations   | 3 4 |  4.0
Stealth        | |  2.1

Action                   |  1- 3 |  4- 6 |  7- 9 | 10-12 || total
-------------------------+-------+-------+-------+-------++-------
Melee: Unarmed           |    11 |       |       |       ||    11
       Dagger            |    19 |    97 |       |       ||   116
       Spear             |       |    65 |    19 |       ||    84
       Scimitar          |       |       |   132 |   195 ||   327
Throw: Tomahawk          |       |       |     4 |       ||     4
 Cast: Freeze            |    46 |    95 |    76 |    34 ||   251
       Throw Frost       |     2 |    13 |    43 |    12 ||    70
       Ozocubu's Armour  |       |       |     7 |    15 ||    22
       Regeneration      |       |       |     3 |    10 ||    13
       Spectral Weapon   |       |       |       |    10 ||    10
  Use: Scroll            |       |     6 |     7 |     6 ||    19
       Potion            |       |     3 |     3 |     4 ||    10
 Stab: Sleeping          |     1 |     2 |       |     1 ||     4
       Distracted        |       |     1 |       |     1 ||     2
  Eat: Chunk             |     3 |     7 |    18 |    14 ||    42
       Ration            |       |     2 |     1 |       ||     3
Armor: Robe              |     7 |    27 |    41 |    55 ||   130
       Skin              |       |    13 |    14 |       ||    27
Dodge: Dodged            |    40 |   137 |   213 |   281 ||   671
       Rpst.: Scimitar   |       |       |    55 |    84 ||   139

Table legend:
 A = Spawn XP
 B = Non-spawn XP
 C = Spawn XP percentage of total XP
 D = Spawn monster count
 E = Non-spawn monster count
 F = Spawn count percentage of total count
 G = Total turns spent on level
                    A         B        C        D         E        F      G
               +---------+---------+-------+---------+---------+-------+---------
         Total |       0 |   14203 |   0.0 |       0 |     223 |   0.0 | 13251
               +---------+---------+-------+---------+---------+-------+---------
           D:1 |       0 |      51 |   0.0 |       0 |      25 |   0.0 |  1240
           D:2 |       0 |      31 |   0.0 |       0 |      10 |   0.0 |   749
           D:3 |       0 |     242 |   0.0 |       0 |      32 |   0.0 |  1457
           D:4 |       0 |     154 |   0.0 |       0 |      14 |   0.0 |   720
           D:5 |       0 |     431 |   0.0 |       0 |      14 |   0.0 |  1842
           D:6 |       0 |     575 |   0.0 |       0 |      10 |   0.0 |  1564
           D:7 |       0 |    1236 |   0.0 |       0 |      18 |   0.0 |  1547
           D:8 |       0 |     949 |   0.0 |       0 |      14 |   0.0 |   787
           D:9 |       0 |    2076 |   0.0 |       0 |      26 |   0.0 |  1432
          D:10 |       0 |    1587 |   0.0 |       0 |      26 |   0.0 |   878
        Lair:1 |       0 |    5474 |   0.0 |       0 |      26 |   0.0 |   941
        Lair:2 |       0 |    1397 |   0.0 |       0 |       8 |   0.0 |    94
               +---------+---------+-------+---------+---------+-------+---------
